 Dungeon Crawl Stone Soup version 0.17-a0-1572-g7a1422d (webtiles) character file.

105063 Chiseanne the Warrior (level 15, -14/129 HPs)
             Began as a Demonspawn Wanderer on July 26, 2015.
             Was an Initiate of Gozag.
             Killed from afar by a thorn hunter (27 damage)
             ... with a volley of thorns
             ... on level 3 of the Swamp on July 27, 2015.
             The game lasted 02:00:39 (38217 turns).

Chiseanne the Warrior (Demonspawn Wanderer)        Turns: 38217, Time: 02:00:39

Health: -14/129    AC: 13    Str: 30    XL:     15   Next: 93%
Magic:  15/15      EV: 21    Int: 20    God:    Gozag
Gold:   1609       SH: 17    Dex: 22    Spells: 3 memorised, 9 levels left

rFire  . . .     SeeInvis +     s - +5 captain's cutlass {speed, disarm}
rCold  + . .     Clarity  .     g - +2 troll leather armour of Utivian {Regen+ Int+5}
rNeg   + . .     SustAt   .     l - +1 shield {rPois}
rPois  +         Gourm    .     k - +0 mask of the Dragon {MR+ Slay+3 SInv}
rElec  .         Spirit   .     G - +0 cloak "Tyug" {Str+3 Slay+3 Stlth-}
rCorr  .         Warding  +     A - +1 pair of gloves {Dex+3}
rMut   .         Stasis   .     (boots unavailable)
MR     ++...                    O - amulet of warding
Stlth  ++........               o - +6 ring of strength
                                z - ring of protection from cold

@: mighty, agile, about to teleport, very slightly contaminated, studying
Slings, very resistant to hostile enchantments, unstealthy
A: talons 3, icy blue scales 1, powered by pain 2
a: Potion Petition, Call Merchant, Bribe Branch, Renounce Religion


You were on level 3 of the Swamp.
You worshipped Gozag.
Gozag was noncommittal.
You were not hungry.

You visited 5 branches of the dungeon, and saw 31 of its levels.
You also visited: Labyrinth.

You collected 12064 gold pieces.
You spent 5290 gold pieces at shops.
You paid 5165 gold pieces to Gozag.

Inventory:

Hand weapons
 a - a +5 flail of protection
 d - a +2 war axe of venom
 e - a +4 hunting sling
 s - the +5 captain's cutlass (weapon) {speed, disarm}
   (You bought it in a shop on level 8 of the Dungeon)

   Attacks with this weapon are significantly faster.
 w - a +0 blowgun
Missiles
 m - 4 javelins of penetration (quivered)
 t - 24 poisoned needles
Armour
 b - a +4 chain mail of poison resistance
 g - the +2 troll leather armour of Utivian (worn) {Regen+ Int+5}
   (You bought it in a shop on level 4 of the Orcish Mines)

   It affects your intelligence (+5).
   It increases your rate of regeneration.
 k - the +0 mask of the Dragon (worn) {MR+ Slay+3 SInv}
   (You bought it in a shop on level 1 of the Orcish Mines)

   It affects your accuracy and damage with ranged weapons and melee attacks
   (+3).
   It affects your resistance to hostile enchantments.
   It lets you see invisible.
 l - a +1 shield of poison resistance (worn)
 A - a +1 pair of gloves of dexterity (worn)
 C - the +4 skin of Zhor {rC+++}
   (You found it on level 1 of the Swamp)

   It renders you almost immune to cold.
 G - the +0 cloak "Tyug" (worn) {Str+3 Slay+3 Stlth-}
   (You bought it in a shop on level 7 of the Dungeon)

   It affects your strength (+3).
   It affects your accuracy and damage with ranged weapons and melee attacks
   (+3).
   It makes you less stealthy.
Magical staves
 X - an uncursed staff of poison
 Z - an uncursed staff of cold
Jewellery
 o - a +6 ring of strength (right hand)
 z - a ring of protection from cold (left hand)
 O - an amulet of warding (around neck)
 U - an uncursed amulet of clarity
 W - an uncursed ring of wizardry
Magical devices
 p - a wand of teleportation (5)
 y - a wand of confusion (13)
 B - a wand of digging (12)
 E - a wand of teleportation (2)
Scrolls
 f - 9 scrolls of remove curse
 n - a scroll of teleportation
 u - a scroll of fog
 v - a scroll of magic mapping
 J - 10 scrolls of identify
 N - 2 scrolls of recharging
 S - 3 scrolls of silence
Potions
 i - 2 potions of flight
 q - 7 potions of curing
 x - a potion of beneficial mutation {unknown}
Books
 j - a book of Spatial Translocations

   Spells                             Type                      Level
   a - Apportation                    Translocation                1
   b - Blink                          Translocation                2
   c - Shroud of Golubria             Charms/Translocation         2
   d - Portal Projectile              Translocation                3
   e - Teleport Other                 Translocation                3
   f - Passage of Golubria            Translocation                4
 T - a manual of Slings
Comestibles
 h - 7 meat rations
 r - 2 bread rations


   Skills:
 - Level 15.5 Fighting
 * Level 5.7 Short Blades
 + Level 5.5 Slings
   Level 1.0 Crossbows
 - Level 14.1 Armour
 * Level 4.7 Dodging
 * Level 15.0 Shields


You had 9 spell levels left.
You knew the following spells:

 Your Spells              Type           Power        Failure   Level  Hunger
a - Apportation           Tloc           #.........   21%         1    ##.....
b - Blink                 Tloc           N/A          30%         2    ###....
c - Shroud of Golubria    Chrm/Tloc      #.........   30%         2    ###....


Dungeon Overview and Level Annotations

Branches:
Dungeon (15/15)            Temple (1/1) D:4            Lair (8/8) D:10
  Swamp (3/4) Lair:3        Snake (0/4) Lair:3        Slime (0/6) Lair:8
    Orc (4/4) D:12            Elf (0/3) Orc:3        Depths (0/5) D:15
 Vaults: D:13-14

Altars:
Ashenzari
Cheibriados
Dithmenos
Elyvilon
Gozag
Kikubaaqudgha
Makhleb
Nemelex Xobeh
Okawaru
Qazlal
Ru
Trog
Yredelemnul
Zin
The Shining One
Beogh
Jiyva

Shops:
D:7 [   D:8 **(   D:11 [   Orc:1 [   Orc:4 *::([

Annotations:
D:3 Tyryt0's ghost, average MiBe
D:4 kinazarov's ghost, average FoMo


Innate Abilities, Weirdness & Mutations

You have claws for feet.
You are partially covered in icy blue scales (AC +1).
You sometimes gain power by taking damage.


Message History

Read which item? (? for menu, Esc to quit)
Blink to where?
Press: ? - help, Dir - move target cursor You are very lightly contaminated with residual magic.
As you read the scroll of blinking, it crumbles to dust.
An insubstantial wisp comes into view.
The insubstantial wisp gives a chilling moan. x2
The briar patch crumbles away.
The thorn hunter fires a volley of thorns at you.
The volley of thorns hits you!
* * * LOW HITPOINT WARNING * * *
Found a robe.
The briar patch crumbles away. x2
Read which item? (? for menu, Esc to quit)
As you read the scroll of teleportation, it crumbles to dust.
You feel strangely unstable.
The briar patch crumbles away.
The thorn hunter fires a volley of thorns at you.
The volley of thorns hits you!
You die...
Your body crumbles into a pile of gold.

≈≈..≈≈..≈♣♣≈.≈≈.≈≈≈≈≈≈≈≈
§≈≈≈§≈≈≈P≈♣♣§♣≈.≈≈≈≈≈.≈§
.≈≈≈≈≈≈§.♣♣♣♣♣♣..≈≈≈≈≈≈.
...≈≈≈≈≈PP♣.≈.≈♣....≈≈≈.
.≈≈....≈.Pf.≈≈.≈≈...≈≈≈≈
.≈≈.≈...:P.D.......≈≈≈≈.
♣..≈.....####..♣..≈≈≈≈≈≈
♣...#..P..##....≈≈≈.♣♣ .
#P@≈♣≈.≈##......♣♣
#..P.♣v♣P.v.#..♣♣♣♣
.≈.....≈P≈.≈P.v..♣♣
.≈...♣..≈≈≈.♣♣...♣
≈..#♣≈P≈≈≈≈≈♣P♣..♣ .≈.
..♣.≈≈≈♣♣P...♣ ≈≈
≈.[≈.≈♣≈.P.#..
##...♣P...♣ .≈♣ .P .♣♣


You could see a thorn hunter and an insubstantial wisp.

Vanquished Creatures
  Rupert (Lair:7)
  An orc warlord (Orc:4)
  Erolcha (D:12)
  A minotaur (Lab)
  A catoblepas (Lair:7)
  2 hydras
  9 death yaks (Lair:7)
  2 orc high priests (Orc:4)
  A tengu warrior (D:14)
  Urug (D:15)
  Nergalle (Lair:3)
  A skeletal warrior (D:11)
  A wizard (D:15)
  2 swamp dragons (Swamp:1)
  7 hill giants
  2 unseen horrors
  9 ugly things
  3 cyclopes
  3 orc knights
  A necromancer (D:15)
  A deep elf conjurer (D:15)
  3 griffons
  A hornet (Swamp:1)
  A manticore (D:15)
  2 naga magi (D:15)
  7 orc sorcerers
  6 elephants (Lair:7)
  A gargoyle (D:15)
  15 spiny frogs
  4 torpor snails (Lair:8)
  12 black mambas
  A redback zombie (D:15)
  A kobold demonologist (D:12)
  6 fire drakes
  A spriggan druid (Lair:8)
  A tengu conjurer (D:15)
  3 giant leeches (Swamp:1)
  A two-headed ogre (shapeshifter) (D:14)
  14 komodo dragons
  4 trolls
  8 polar bears (Lair:8)
  A bog body (Lair:3)
  4 slime creatures (D:12)
  4 two-headed ogres
  2 redbacks (Lair:8)
  11 blink frogs
  11 spriggans (Lair:8)
  6 wraiths
  2 steam dragons
  A hungry ghost (D:7)
  2 shadows
  5 wyverns
  84 yaks
  A deep elf fighter (D:11)
  28 wolves
  2 mottled dragons
  6 vampire mosquitoes (D:14)
  4 basilisks
  Edmund (D:4)
  3 wargs
  6 swamp worms
  7 hippogriffs
  Duvessa (D:5)
  2 swamp drakes
  A spider (shapeshifter) (D:15)
  11 porcupines
  3 sky beasts
  A necrophage (D:12)
  9 ogres
  3 phantoms
  10 black bears
  29 water moccasins
  29 orc warriors
  3 wasps (Lair:8)
  12 crocodiles
  4 centaurs
  4 big kobolds
  Dowan (D:5)
  24 giant frogs
  A gnoll sergeant (D:6)
  A wyvern skeleton (D:12)
  14 killer bees
  2 scorpions
  22 wights
  A vampire bat (D:9)
  6 jellies
  8 crimson imps
  7 hounds
  4 centaur zombies
  5 human zombies (D:8)
  18 orc wizards
  A giant frog zombie (D:7)
  8 centaur skeletons
  23 orc priests
  6 iguanas
  9 worker ants
  34 sheep
  A killer bee zombie (D:7)
  A hound skeleton (D:4)
  3 mummies
  2 worker ant zombies
  5 gnolls (D:6)
  71 river rats
  21 adders
  4 shadow imps
  6 oozes
  A worm (D:2)
  10 giant geckos
  191 orcs
  5 ball pythons
  25 bats
  3 bat zombies (D:6)
  33 goblins
  20 hobgoblins
  16 jackals
  32 kobolds
  4 quokkas
  7 giant cockroaches
  A giant gecko zombie (D:6)
  5 giant newts
  A jackal zombie (D:9)
  An orc zombie (D:8)
  A quokka zombie (D:7)
  18 rats
  2 fungi
  A plant (Lair:8)
1142 creatures vanquished.

Vanquished Creatures (collateral kills)
  An azure jelly (Lair:8)
  Nessos (Lair:6)
  A hydra (D:15)
  2 ugly things (D:15)
  A hippogriff (D:15)
6 creatures vanquished.

Vanquished Creatures (others)
  An orc wizard (D:7)
  A quokka (D:8)
  A briar patch (Swamp:3)
  62 fungi
  36 plants
  2 toadstools (Swamp:3)
103 creatures vanquished.

Grand Total: 1251 creatures vanquished

Notes
Turn   | Place    | Note
--------------------------------------------------------------
     0 | D:1      | Chiseanne the Demonspawn Wanderer began the quest for the Orb.
     0 | D:1      | Chiseanne set off with: a +2 scale mail, a potion of lignification, a +0 buckler, a +0 dagger, a bread ration
     0 | D:1      | Reached XP level 1. HP: 16/16 MP: 1/1
    98 | D:1      | Gained mutation: You have sharp toenails. [demonic ancestry]
    98 | D:1      | Reached XP level 2. HP: 19/22 MP: 2/2
   917 | D:1      | Gained mutation: You have razor-sharp toenails. [demonic ancestry]
   917 | D:1      | Reached XP level 3. HP: 24/28 MP: 3/3
  1671 | D:2      | Reached XP level 4. HP: 34/34 MP: 4/4
  1746 | D:2      | Found an ancient bone altar of Kikubaaqudgha.
  1778 | D:2      | Reached skill level 5 in Armour
  2156 | D:3      | Noticed Tyryt0's ghost (average MiBe)
  3470 | D:4      | Reached XP level 5. HP: 36/41 MP: 5/5
  3552 | D:4      | Found a staircase to the Ecumenical Temple.
  3574 | D:4      | Noticed an ogre
  3574 | Temple   | Entered the Ecumenical Temple
  3620 | Temple   | Became a worshipper of Gozag Ym Sagoz the Greedy
  3663 | D:4      | HP: 2/41 [ogre/giant spiked club (2)]
  3666 | D:4      | Noticed kinazarov's ghost (average FoMo)
  3666 | D:4      | Killed an ogre
  3673 | D:4      | HP: 1/41 [rat (2)]
  3675 | D:4      | Noticed Edmund
  4052 | D:4      | Reached XP level 6. HP: 38/48 MP: 6/6
  4127 | D:4      | Noticed a giant frog
  4161 | D:3      | Killed a giant frog
  4486 | D:4      | Killed Edmund
  4876 | D:4      | Found a sacrificial altar of Ru.
  4892 | D:4      | Noticed an ogre
  4897 | D:4      | Killed an ogre
  4897 | D:4      | Reached skill level 1 in Dodging
  4897 | D:4      | Gained mutation: You are partially covered in icy blue scales (AC +1). [demonic ancestry]
  4897 | D:4      | Reached XP level 7. HP: 26/55 MP: 7/7
  5406 | D:4      | Reached skill level 6 in Armour
  5446 | D:5      | Entered Level 5 of the Dungeon
  5485 | D:5      | Noticed Duvessa
  5486 | D:5      | Noticed Dowan
  5510 | D:5      | Killed Duvessa
  5510 | D:5      | Reached skill level 5 in Fighting
  5739 | D:5      | Killed Dowan
  5840 | D:5      | Reached XP level 8. HP: 57/64 MP: 8/8
  6678 | D:6      | Reached skill level 7 in Armour
  7223 | D:6      | Got a spiked chain mail
  7468 | D:6      | Identified the +0 chain mail "Ypipnysm" {rF- Int+3 Dex+3} (You took it off a gnoll on level 6 of the Dungeon)
  8042 | D:7      | Found Fiahyptary's Armour Shoppe.
  8051 | D:7      | Bought a +0 pair of gloves of dexterity for 172 gold pieces
  8198 | D:7      | Reached skill level 5 in Shields
  8219 | D:7      | Reached XP level 9. HP: 65/72 MP: 9/9
  8378 | D:7      | Reached skill level 8 in Fighting
  9276 | D:8      | Found Wetad's General Store.
  9277 | D:8      | Found Yheexastu's Assorted Antiques.
  9554 | D:8      | Reached skill level 9 in Fighting
  9647 | D:7      | Bought the +0 cloak "Tyug" {Str+3 Slay+3 Stlth-} for 435 gold pieces
  9853 | D:8      | Found Xanupl Jeyce's Magic Scroll Shoppe.
  9879 | D:8      | Bought a scroll of identify for 24 gold pieces
  9879 | D:8      | Bought a scroll of identify for 24 gold pieces
  9963 | D:8      | Found a white marble altar of Elyvilon.
  9991 | D:8      | Found an iron altar of Okawaru.
  9996 | D:8      | Found a basalt altar of Yredelemnul.
 10351 | D:8      | Found a basalt altar of Yredelemnul.
 10447 | D:8      | Reached XP level 10. HP: 44/84 MP: 10/10
 10808 | D:8      | Found Motz's Weapon Boutique.
 10897 | D:8      | Bought a scroll of fear for 42 gold pieces
 10897 | D:8      | Bought a scroll of identify for 24 gold pieces
 10897 | D:8      | Bought 3 scrolls of identify for 72 gold pieces
 10897 | D:8      | Bought a scroll of identify for 24 gold pieces
 10897 | D:8      | Bought a scroll of teleportation for 36 gold pieces
 10931 | D:8      | Bought a scroll of fog for 28 gold pieces
 10931 | D:8      | Bought a scroll of identify for 28 gold pieces
 10972 | D:9      | Reached skill level 10 in Fighting
 12117 | D:9      | Found a shattered altar of Ashenzari.
 12161 | D:9      | Found a shadowy altar of Dithmenos.
 12358 | D:7      | Bought a +4 chain mail of poison resistance for 427 gold pieces
 12420 | D:10     | Entered Level 10 of the Dungeon
 12472 | D:10     | Found a staircase to the Lair.
 12493 | D:10     | Reached skill level 11 in Fighting
 12554 | D:10     | Noticed a cyclops
 12566 | D:10     | Killed a cyclops
 12999 | D:10     | Noticed a hill giant
 13094 | D:10     | Killed a hill giant
 13094 | D:10     | Reached XP level 11. HP: 42/93 MP: 11/11
 13634 | D:8      | Bought a marble ring for 180 gold pieces
 13634 | D:8      | Bought a fuming white potion for 32 gold pieces
 13634 | D:8      | Bought a scroll of teleportation for 108 gold pieces
 13774 | Lair:1   | Entered Level 1 of the Lair of Beasts
 14649 | Lair:1   | Reached skill level 10 in Shields
 15628 | Lair:1   | Reached skill level 12 in Fighting
 16248 | Lair:2   | Identified a scroll of acquirement
 16782 | Lair:2   | Gained mutation: You have claws for feet. [demonic ancestry]
 16782 | Lair:2   | Reached XP level 12. HP: 80/103 MP: 12/12
 17510 | Lair:3   | Found a staircase to the Snake Pit.
 17829 | Lair:3   | Noticed Nergalle
 17869 | Lair:3   | Killed Nergalle
 17869 | Lair:3   | Reached skill level 10 in Armour
 17978 | Lair:3   | Found a staircase to the Swamp.
 18340 | Lair:3   | Reached skill level 13 in Fighting
 20065 | Lair:6   | Found a labyrinth entrance.
 20079 | Lab      | Entered a labyrinth
 20244 | Lab      | Noticed a minotaur
 20249 | Lab      | Killed a minotaur
 20265 | Lab      | Identified the Tome of Talismans
 20272 | Lab      | Identified the Guide on Execration
 20302 | Lair:6   | Noticed Nessos
 20324 | Lair:6   | Killed Nessos
 20324 | Lair:6   | Gained mutation: You sometimes gain a little power by taking damage. [demonic ancestry]
 20324 | Lair:6   | Reached XP level 13. HP: 65/111 MP: 13/13
 20553 | Lair:7   | Noticed Rupert
 20593 | Lair:7   | Killed Rupert
 20627 | Lair:7   | Reached skill level 14 in Fighting
 23201 | Lair:8   | Entered Level 8 of the Lair of Beasts
 23201 | Lair:8   | Found a staircase to the Slime Pits.
 23201 | Lair:8   | Found a viscous altar of Jiyva.
 23916 | Lair:8   | Gained mutation: You sometimes gain power by taking damage. [demonic ancestry]
 23916 | Lair:8   | Reached XP level 14. HP: 116/121 MP: 14/14
 24537 | Lair:8   | Found a snail-covered altar of Cheibriados.
 24774 | Lair:8   | Reached skill level 15 in Fighting
 27160 | Lair:8   | Noticed an azure jelly
 27174 | Lair:8   | Killed an azure jelly
 28795 | Lair:3   | Noticed a seven-headed hydra
 28803 | Lair:3   | Killed a seven-headed hydra
 29204 | D:8      | Bought a scroll of identify for 72 gold pieces
 29204 | D:8      | Bought 2 scrolls of fear for 252 gold pieces
 29204 | D:8      | Bought a scroll of recharging for 342 gold pieces
 29204 | D:8      | Bought a scroll of identify for 72 gold pieces
 29241 | D:8      | Bought a scroll of silence for 105 gold pieces
 29246 | D:8      | Bought the +5 captain's cutlass {speed, disarm} for 480 gold pieces
 29713 | D:11     | Found Neabunaz's Armour Boutique.
 30013 | D:11     | Bought a +0 helmet for 63 gold pieces
 30060 | D:11     | Reached skill level 1 in Short Blades
 30846 | D:12     | Noticed Erolcha
 30867 | D:12     | Killed Erolcha
 30933 | D:13     | Found Kipothrof's Food Emporium.
 30947 | D:13     | Bought a beef jerky for 18 gold pieces
 30947 | D:13     | Bought a bread ration for 60 gold pieces
 30947 | D:13     | Bought a beef jerky for 18 gold pieces
 30947 | D:13     | Bought a beef jerky for 18 gold pieces
 30947 | D:13     | Bought a bread ration for 60 gold pieces
 30947 | D:13     | Bought a meat ration for 60 gold pieces
 30947 | D:13     | Bought a meat ration for 60 gold pieces
 30947 | D:13     | Bought 5 fruits for 90 gold pieces
 30947 | D:13     | Bought a bread ration for 60 gold pieces
 30947 | D:13     | Bought a meat ration for 60 gold pieces
 30947 | D:13     | Bought a meat ration for 60 gold pieces
 31070 | D:14     | Reached skill level 1 in Slings
 31178 | D:15     | Entered Level 15 of the Dungeon
 31204 | D:14     | Reached XP level 15. HP: 129/129 MP: 15/15
 31466 | D:15     | Found a staircase to the Depths.
 31599 | D:15     | Noticed Urug
 31622 | D:15     | Killed Urug
 32896 | D:14     | Learned a level 1 spell: Apportation
 33911 | D:12     | Found a staircase to the Orcish Mines.
 34004 | Orc:1    | Entered Level 1 of the Orcish Mines
 34004 | Orc:1    | Found Beerurri's Armour Shop.
 34056 | Orc:1    | Bought the +0 mask of the Dragon {MR+ Slay+3 SInv} for 434 gold pieces
 34770 | Orc:2    | Found a roughly hewn altar of Beogh.
 34837 | Orc:2    | Found a roughly hewn altar of Beogh.
 35261 | Orc:3    | Found a staircase to the Elven Halls.
 36003 | Orc:4    | Entered Level 4 of the Orcish Mines
 36054 | Orc:4    | Found Nibocvo's Antique Armour Shoppe.
 36097 | Orc:4    | Bought a shiny shield for 162 gold pieces
 36110 | Orc:4    | Bought a slimy troll leather armour for 720 gold pieces
 36137 | Orc:4    | Identified the +2 troll leather armour of Utivian {Regen+ Int+5} (You bought it in a shop on level 4 of the Orcish Mines)
 36141 | Orc:4    | Learned a level 2 spell: Blink
 36144 | Orc:4    | Learned a level 2 spell: Shroud of Golubria
 36279 | Orc:4    | Found Xiokhla's Book Emporium.
 36295 | Orc:4    | Found Ywkeq's Book Boutique.
 36391 | Orc:4    | Reached skill level 5 in Short Blades
 36391 | Orc:4    | Reached skill level 5 in Slings
 36407 | Orc:4    | Found Feixory's Antique Weapon Boutique.
 36466 | Orc:4    | Bought a runed hunting sling for 46 gold pieces
 36811 | Orc:4    | Found Isuth's General Store.
 36826 | Orc:4    | Bought a scroll of identify for 28 gold pieces
 36826 | Orc:4    | Bought a scroll of remove curse for 42 gold pieces
 36826 | Orc:4    | Bought a bread ration for 70 gold pieces
 36826 | Orc:4    | Bought a scroll of recharging for 133 gold pieces
 36826 | Orc:4    | Bought a scroll of magic mapping for 49 gold pieces
 36888 | Orc:4    | Paralysed by an orc sorcerer for 5 turns
 37664 | Swamp:1  | Entered Level 1 of the Swamp
 37819 | Swamp:1  | Reached skill level 15 in Shields
 38172 | Swamp:3  | Noticed a thorn hunter
 38217 | Swamp:3  | Killed from afar by a thorn hunter

Vault maps used:
D:1:      dpeg_arrival_tiny_a
D:2:      wad_river_or_something, overflow_temple_1_default
D:3:      serial_bayou, serial_bayou_crossing, serial_bayou_lagoon_b,
          serial_bayou_pond_b, serial_bayou_ford_a
D:4:      nicolae_ru_awakened_eye, minmay_temple_entry_overgrown, first_bread,
          minmay_goblin_outpost, uniq_edmund
D:5:      minmay_misc_feat_tower, roderic_lattice_a, grunt_ministairs_12,
          uniq_duvessa
D:6:      minmay_bad_closet, kennysheep_potato
D:8:      lemuel_mausoleum_altar_yredelemnul, okawaru_ov_weapons_minmay,
          basic_altar, serial_shops, kennysheep_mini_moat, shop, shop_fountains,
          nicolae_shop_behind_doors, minmay_crystal_water,
          hangedman_little_slice_of_home, elyvilon_altar_4
D:9:      cheibrodos_ashenzari_chains, grunt_dithmenos_smoke, minivault_4,
          st_stairs_12, minmay_misc_feat_chi, roderic_batcave
D:10:     lair_0_dummy
D:11:     serial_shops, shop_statue, jmf_multi_god_temple2
D:12:     orc_0_dummy, enter_bailey_3, serial_undead, serial_undead_f,
          serial_undead_c, serial_undead_d, serial_undead_e, serial_undead_b,
          serial_undead_b, uniq_erolcha
D:13:     david_vaults_1, serial_shops,
          nicolae_shop_temple_entry_statues_fountains, shop, shop
D:14:     serial_bayou_pond_e, kennysheep_nondescript
D:15:     grunt_enter_depths_magical_seal, roderic_digamma_sauvastika,
          kennysheep_doodads, spider_trap, uniq_urug
Temple:   nicolae_temple_god_jail
Lair:2:   minmay_holes, serial_bayou_shore_a, grunt_megastairs_2
Lair:3:   swamp_mist, minmay_snake_entry_six_corridors, st_stairs_7,
          grunt_megastairs_4, uniq_nergalle
Lair:4:   special_room
Lair:5:   lemuel_slime
Lair:6:   lab_entry_generic, infiniplex_staircase_pool_2, uniq_nessos,
          uniq_snorg
Lair:7:   minmay_lair_drake_nest, lemuel_fruit_fields, uniq_rupert
Lair:8:   minmay_lair_end_enchanted_forest, slime_altar_1,
          kennysheep_snail_temple
Swamp:1:  serial_swamp_ruin, evilmike_swamp_ruin_house_5,
          evilmike_swamp_ruin_rubble_1, evilmike_swamp_ruin_house_2,
          swamp_pool1, uniq_frances
Swamp:2:  evilmike_swamp_ruin_wall, swamp_pool2
Swamp:3:  cheibrodos_swamp_tower_of_moss, nicolae_swamp_godswood
Orc:1:    serial_shops, shop
Orc:2:    basic_altar, nicolae_orc_lost_temple
Orc:3:    nicolae_orc_pool_cavern
Orc:4:    grunt_orc_gardens, grunt_orc_garden, grunt_orc_garden,
          grunt_orc_garden, grunt_orc_garden, serial_shops, shop
Lab:      nicolae_lab_dead_adventurers

Action                   |  1- 3 |  4- 6 |  7- 9 | 10-12 | 13-15 || total
-------------------------+-------+-------+-------+-------+-------++-------
Melee: Dagger            |    56 |       |       |       |       ||    56
       Spear             |   181 |    38 |       |       |       ||   219
       Rapier            |       |   203 |       |       |       ||   203
       Flail             |       |    16 |   673 |  1075 |  1208 ||  2972
       Short sword       |       |       |    25 |       |       ||    25
       Cutlass           |       |       |       |       |  1593 ||  1593
 Fire: Blowgun           |       |     6 |    73 |    46 |     8 ||   133
Throw: Tomahawk          |       |       |     5 |       |       ||     5
       Javelin           |       |       |       |       |    27 ||    27
 Cast: Apportation       |       |       |       |       |    15 ||    15
Invok: Call Merchant     |       |       |     1 |       |     1 ||     2
       Potion Petition   |       |       |       |     1 |    11 ||    12
Evoke: Wand              |       |       |       |    11 |    24 ||    35
       Sack of spiders   |       |       |       |       |    13 ||    13
  Use: Scroll            |     4 |     5 |    11 |    15 |    15 ||    50
       Potion            |       |     4 |     3 |     7 |     3 ||    17
 Stab: Distracted        |       |     1 |     4 |    10 |    19 ||    34
       Invisible         |       |     7 |       |       |     3 ||    10
       Fleeing           |       |       |       |       |     2 ||     2
  Eat: Chunk             |     3 |     6 |       |       |       ||     9
       Beef jerky        |       |     1 |     1 |     1 |     4 ||     7
       Bread ration      |       |     1 |     3 |     1 |     5 ||    10
       Royal jelly       |       |       |     1 |    10 |       ||    11
       Pizza             |       |       |     1 |     2 |       ||     3
       Fruit             |       |       |     3 |     3 |    17 ||    23
       Meat ration       |       |       |       |     1 |     5 ||     6
